 Dungeon Crawl Stone Soup version 0.21.1-1-g345015f (webtiles) character file.

126 Mgcat the Magician (level 4, -4/24 HPs)
             Began as a Deep Elf Earth Elementalist on Mar 19, 2018.
             Killed by nerve-wracking pain
             ... invoked by an orc priest
              (14 damage)
             ... on level 3 of the Dungeon.
             The game lasted 00:06:06 (2942 turns).

Mgcat the Magician (Deep Elf Earth Elementalist)    Turns: 2942, Time: 00:06:07

Health: -4/24      AC:  4    Str:  5    XL:     4   Next: 84%
Magic:  10/13      EV: 13    Int: 21    God:
Gold:   131        SH:  0    Dex: 15    Spells: 9/13 levels left

rFire    . . .     SeeInvis .   l - +4 dagger (drain)
rCold    . . .     Gourm    .   (no shield)
rNeg     . . .     Faith    .   c - +0 robe
rPois    .         Spirit   .   (no helmet)
rElec    .         Reflect  .   h - +0 cloak
rCorr    .         Harm     .   j - +0 pair of gloves
MR       .....                  (no boots)
Stlth    ++........             (no amulet)
HPRegen  0.08/turn              (no ring)
MPRegen  0.13/turn              (no ring)

@: no status effects
A: no striking features
a: no special abilities


You were on level 3 of the Dungeon.
You were not hungry.

You visited 1 branch of the dungeon, and saw 4 of its levels.

You collected 131 gold pieces.

Inventory:

Hand Weapons
 l - a +4 dagger of draining (weapon)
   (You took it off a kobold on level 2 of the Dungeon)
Missiles
 b - 80 stones (quivered)
Armour
 c - a +0 robe (worn)
 h - a +0 cloak (worn)
   (You found it on level 1 of the Dungeon)
 j - a +0 pair of gloves (worn)
   (You found it on level 1 of the Dungeon)
Scrolls
 f - a scroll of identify
 g - a scroll of fear {unknown}
 k - a scroll of remove curse {unknown}
 q - a scroll of amnesia {unknown}
Potions
 a - a potion of brilliance {unknown}
 m - a potion of heal wounds {unknown}
 n - a potion of degeneration {!q}
 o - a potion of curing {unknown}
Books
 e - a book of Geomancy
 p - a book of Cantrips
   (You found it on level 2 of the Dungeon)
Comestibles
 d - 4 rations


   Skills:
 - Level 2.4 Dodging
 - Level 2.4 Stealth
 + Level 5.3 Spellcasting
   Level 1.1 Transmutations
 + Level 4.9 Earth Magic


You had 9 spell levels left.
You knew the following spells:

 Your Spells              Type           Power        Failure   Level  Hunger
a - Sandblast             Erth           ####..       1%          1    None
b - Stone Arrow           Conj/Erth      ###...       12%         3    ##.....


Dungeon Overview and Level Annotations

Branches:
Dungeon (4/15)
 Temple: D:4-7

Altars:
Yredelemnul


Message History

You kill the gnoll!
b - 86 stones
Casting: Sandblast
Confirm with . or Enter, or press ? or * to list all spells.
Aiming: Sandblast
Press: ? - help, Shift-Dir - straight line, f - gnoll
Aim: a gnoll The blast of sand hits the gnoll.
The gnoll is severely wounded.
b - 85 stones The gnoll hits you.
* * * LOW HITPOINT WARNING * * *
Casting: Sandblast
Confirm with . or Enter, or press ? or * to list all spells.
Aiming: Sandblast
Press: ? - help, Shift-Dir - straight line, f/p - gnoll
Aim: a gnoll (severely wounded)
The blast of sand hits the gnoll.
You kill the gnoll!
b - 84 stones
Casting: Sandblast
Confirm with . or Enter, or press ? or * to list all spells.
Aiming: Sandblast
Press: ? - help, Shift-Dir - straight line, f - gnoll
Aim: a gnoll, wielding a whip (severely wounded, heavily drained)
The blast of sand hits the gnoll.
You kill the gnoll!
b - 83 stones
Casting: Sandblast
Confirm with . or Enter, or press ? or * to list all spells.
You can't see any susceptible monsters within range! (Use Z to cast anyway.)
Okay, then.
Some of the chunks of flesh in your inventory have rotted away.
You hear the rapid rusting of a distant drain.
You hear the rapid rusting of a distant drain.
Eating one of 4 chunks of flesh {@w0}.
You eat one of the 4 chunks of flesh {@w0}.
This raw flesh tastes terrible.
You hear the rapid rusting of a distant drain.
All of the chunks of flesh in your inventory have rotted away.
You hear the drain falling apart.
The walls and floor vibrate strangely for a moment.
Items here: )) †† a whip x2; a gnoll corpse x2
You butcher the gnoll corpse.
i - 4 chunks of flesh {@w0} You butcher the gnoll corpse.
i - 7 chunks of flesh {@w0} (gained 3)
Things that are here:
a whip x2
Things that are here:
a whip x2
The orc priest shouts!
The orc priest invokes the aid of Beogh against you.
Beogh smites you!
Ouch! That really hurt!
* * * LOW HITPOINT WARNING * * *
The orc priest begins to cast a cantrip, but forgets the words!
The orc priest looks satisfied for a moment.
All of the chunks of flesh in your inventory have rotted away.
There is a stone staircase leading up here.
You climb upwards.
There is a stone staircase leading down here.
HP restored.
Done exploring.
Done exploring.
You climb downwards.
There is a stone staircase leading up here.
Casting: Sandblast
Confirm with . or Enter, or press ? or * to list all spells.
You can't see any susceptible monsters within range! (Use Z to cast anyway.)
Casting: Sandblast
Confirm with . or Enter, or press ? or * to list all spells.
Aiming: Sandblast
Press: ? - help, Shift-Dir - straight line, f - orc priest
Aim: an orc priest, wielding a dagger and wearing a chain mail The blast of sand hits the orc priest.
The orc priest is moderately wounded.
b - 82 stones
Casting: Sandblast
Confirm with . or Enter, or press ? or * to list all spells.
Aiming: Sandblast
Press: ? - help, Shift-Dir - straight line, f/p - orc priest
Aim: an orc priest, wielding a dagger and wearing a chain mail (moderately wounded)
The blast of sand misses the orc priest.
b - 81 stones The orc priest invokes the aid of Beogh against you.
Pain shoots through your body!
Casting: Sandblast
Confirm with . or Enter, or press ? or * to list all spells.
Aiming: Sandblast
Press: ? - help, Shift-Dir - straight line, f/p - orc priest
Aim: an orc priest, wielding a dagger and wearing a chain mail (moderately wounded)
The blast of sand hits the orc priest.
The orc priest is heavily wounded.
b - 80 stones The orc priest invokes the aid of Beogh against you.
Pain shoots through your body!
Ouch! That really hurt!
You die...

### ######### ..#
#...o@.<# ####.#
#.####### ...#.#
#.###### ##.#.#
#......#
##.#.############.#
...........).>..#.#
...#.########.#.#.#
####.# #.#.#.#
.....########.#.#.#####


You could see an orc priest.

Vanquished Creatures
  2 adders
  5 gnolls
  3 dart slugs
  A leopard gecko (D:3)
  4 orcs (D:3)
  A giant cockroach (D:1)
  5 goblins
  6 hobgoblins
  7 jackals
  4 bats
  3 frilled lizards
  7 kobolds
  2 rats
50 creatures vanquished.

Notes
Turn   | Place    | Note
-------+----------+-------------------------------------------
     0 | D:1      | Mgcat the Deep Elf Earth Elementalist began the quest for the Orb.
     0 | D:1      | Reached XP level 1. HP: 10/10 MP: 6/6
   145 | D:1      | HP: 2/10 [hobgoblin/club (5)]
   147 | D:1      | Reached XP level 2. HP: 3/15 MP: 2/8
  1382 | D:2      | Reached skill level 4 in Spellcasting
  1382 | D:2      | Reached skill level 4 in Earth Magic
  1382 | D:2      | Reached XP level 3. HP: 8/19 MP: 7/10
  1740 | D:2      | Learned a level 3 spell: Stone Arrow
  1821 | D:2      | Found a basalt altar of Yredelemnul.
  2091 | D:3      | Noticed an orc warrior
  2100 | D:3      | HP: 2/19 [orc warrior/halberd (9)]
  2383 | D:3      | Reached XP level 4. HP: 22/24 MP: 8/12
  2578 | D:3      | Reached skill level 5 in Spellcasting
  2583 | D:3      | HP: 4/24 [gnoll (6)]
  2783 | D:3      | HP: 6/24 [orc priest/divine providence (14)]
  2942 | D:3      | Killed from afar by an orc priest

Skill      XL: |  1  2  3  4 |
---------------+-------------+-----
Spellcasting   | 4 5 |  5.3
Earth Magic    | 4 |  4.9
Dodging        | |  2.4
Stealth        | |  2.4
Transmutations | |  1.1

Action                   |  1- 3 |  4- 6 || total
-------------------------+-------+-------++-------
Melee: Unarmed           |    16 |       ||    16
       Mace              |    39 |       ||    39
       Dagger            |    35 |    27 ||    62
 Cast: Sandblast         |    24 |    11 ||    35
  Use: Scroll            |     4 |       ||     4
 Stab: Sleeping          |     3 |       ||     3
  Eat: Chunk             |     3 |     3 ||     6
Armor: Robe              |    25 |     4 ||    29
Dodge: Dodged            |    68 |    16 ||    84

Vault maps used:
D:1:      dpeg_arrival_rhombus, minmay_cut_off
D:2:      yredelemnul_altar_generic, first_ration, moated_statue,
          cheibrodos_gnoll_hut
D:3:      cheibrodos_sewer_entry_drain
D:4:      cheibrodos_barr_body, uniq_blork_the_orc

Table legend:
 A = Turns spent in this place as a percentage of turns spent in the entire game.
 B = Non-inter-level travel turns spent in this place as a percentage of non-inter-level travel turns spent in the entire game.
 C = Inter-level travel turns spent in this place as a percentage of turns spent in this place.
 D = Turns resting spent in this place as a percentage of non-inter-level travel turns spent in this place.
 E = Turns spent auto-exploring this place as a percentage of non-inter-level travel turns spent in this place.
 F = Non-inter-level travel turns spent in this place divided by the number of levels of this place that you've seen.
                   A       B       C       D       E      F
               +-------+-------+-------+-------+-------+----------------------
         Total | 100.0 | 100.0 |   1.3 |   0.0 |  86.2 | 725.8
       Dungeon | 100.0 | 100.0 |   1.3 |   0.0 |  86.2 | 725.8
               +-------+-------+-------+-------+-------+----------------------

Table legend:
 A = Kills in this place as a percentage of kills in entire the game.
 B = Kills by you in this place as a percentage of kills by you in the entire game.
 C = Kills by friends in this place as a percentage of kills by friends in the entire game.
 D = Other kills in this place as a percentage of other kills in the entire game.
 E = Experience gained in this place as a percentage of experience gained in the entire game.
 F = Experience gained in this place divided by the number of levels of this place that you have seen.
                   A       B       C       D       E      F
               +-------+-------+-------+-------+-------+----------------------
         Total | 100.0 | 100.0 |   N/A |   N/A | 100.0 |  45.2
       Dungeon | 100.0 | 100.0 |   N/A |   N/A | 100.0 |  45.2
               +-------+-------+-------+-------+-------+----------------------
